 Dungeon Crawl Stone Soup version 0.31-a0-1620-gcbf77bbcfc (webtiles) character file.

Game seed: 7447214864891203673

98781 fozzywoppz the Warrior (level 15, -3/146 HPs)
             Began as a Minotaur Fighter on Jan 11, 2024.
             Was a High Priest of Okawaru.
             Slain by a fire elemental (13 damage)
             ... summoned by a deep elf pyromancer
             ... on level 13 of the Dungeon.
             The game lasted 00:59:01 (23274 turns).

fozzywoppz the Warrior (Minotaur Fighter)          Turns: 23274, Time: 00:59:02

Health: -3/146     AC: 38    Str: 29    XL:     15   Next: 75%
Magic:  24/24      EV: 11    Int:  5    God:    Okawaru [*****.]
Gold:   648        SH:  0    Dex: 13    Spells: 14/14 levels left

rFire   . . .        a - +4 morningstar (holy)
rCold   + + .        c - +0 buckler
rNeg    + . .        R - +3 plate armour {rPois}
rPois   +            Y - +2 hat
rElec   .            X - +0 cloak "Hihoxti" {rN+}
rCorr   .            U - +4 pair of gloves of Terror {rPois rC+ Regen+ Str-2}
SInv    .            S - +5 pair of boots of the Comet {rC+}
Will    +....        x - amulet of reflection Stlth
                     k - +6 ring of strength
HPRegen 1.24/turn    f - +4 ring of protection
MPRegen 0.19/turn

%: reflection
@: confused, on fire, ambrosia-drunk, glowing
A: horns 2, retaliatory headbutt
a: Renounce Religion, Heroism, Finesse, Duel


You were on level 13 of the Dungeon.
You worshipped Okawaru.
Okawaru was extremely pleased with you.
You visited 3 branches of the dungeon, and saw 21 of its levels.
You also visited: Gauntlet.

You collected 2527 gold pieces.
You spent 1879 gold pieces at shops.

Inventory:

Hand Weapons
 a - a +4 morningstar of holy wrath (weapon)
 b - a +4 whip of venom
 O - a +1 dire flail of protection
Missiles
 e - 20 javelins (quivered)
 H - 6 curare-tipped darts
 L - 24 boomerangs
Armour
 c - a +0 buckler (worn)
 A - the +2 ratskin cloak {*Rats rPois rN+ Str-1 Int-1 Dex+1}
   (You found it on level 4 of the Dungeon)

   *Rats:     When the wearer is hurt, rats may emerge from it to assist them.
   Str-1:     It affects your strength (-1).
   Int-1:     It affects your intelligence (-1).
   Dex+1:     It affects your dexterity (+1).
   rPois:     It protects you from poison rN+: It protects you from negative
   energy.
 R - a +3 plate armour of poison resistance (worn)
 S - the +5 pair of boots of the Comet (worn) {rC+}
   (You found it in a Gauntlet)

   rC+:       It protects you from cold.
 U - the +4 pair of gloves of Terror (worn) {rPois rC+ Regen+ Str-2}
   (You found it in a Gauntlet)

   Str-2:     It affects your strength (-2).
   rC+:       It protects you from cold.
   rPois:     It protects you from poison Regen+: It increases your rate of
   health regeneration.
 X - the +0 cloak "Hihoxti" (worn) {rN+}
   (You found it on level 10 of the Dungeon)

   rN+:       It protects you from negative energy.
 Y - a +2 hat (worn)
 Z - the +3 swamp dragon scales of the Lizard {-Cast +Blink rPois Slay+5 SInv}
   (You bought it in a shop on level 2 of the Orcish Mines)

   Slay+5:    It affects your accuracy & damage with ranged weapons and melee
   (+5).
   rPois:     It protects you from poison SInv: It lets you see invisible.
   +Blink:    It lets you blink.
   -Cast:     It prevents spellcasting.
Jewellery
 f - a +4 ring of protection (right hand)
 k - a +6 ring of strength (left hand)
 x - an amulet of reflection (around neck)
 D - a ring of see invisible
 I - a ring of resist corrosion
 K - a ring of protection from cold
Wands
 q - a wand of iceblast (7)
 u - a wand of flame (60)
 C - a wand of mindburst (8)
 F - a wand of light (1)
 Q - a wand of polymorph (8)
 V - a wand of digging (9)
Scrolls
 d - a scroll of enchant weapon
 g - a scroll of fog
 h - 2 scrolls of immolation
 i - 2 scrolls of enchant armour
 l - 2 scrolls of teleportation
 o - a scroll of fear
 y - a scroll of noise
 B - 5 scrolls of vulnerability
 M - 3 scrolls of poison
 N - a scroll of silence
 P - a scroll of brand weapon
Potions
 j - 2 potions of magic
 m - 9 potions of curing
 n - a potion of enlightenment {unknown}
 r - 2 potions of mutation
 s - a potion of brilliance
 t - 2 potions of haste
 w - 4 potions of attraction
 z - 2 potions of lignification
 E - 2 potions of might
 G - a potion of berserk rage
 J - 5 potions of ambrosia
Miscellaneous
 T - a box of beasts
 W - a lightning rod (1/4)


   Skills:
 + Level 16.9 Fighting
 - Level 16.0 Maces & Flails
 + Level 8.4 Throwing
 + Level 13.4 Armour
 + Level 8.8 Dodging
 - Level 6.7 Shields
 - Level 14.0 Invocations


You had 14 spell levels left.
You didn't know any spells.
Your spell library contained the following spells:

 Spells                   Type           Power      Damage    Failure   Level
 Magic Dart               Conj           0%         1d3       98%         1
 Necrotise                Necr           0%         1d4       98%         1
 Slow                     Hex            0%         N/A       98%         1
 Blink                    Tloc           0%         N/A       99%         2
 Ensorcelled Hibernation  Hex/Ice        0%         N/A       99%         2
 Jinxbite                 Hex            0%         N/A       99%         2
 Sublimation of Blood     Necr           0%         N/A       99%         2
 Confusing Touch          Hex            0%         N/A       100%        3
 Dazzling Flash           Conj/Hex       0%         N/A       100%        3
 Gell's Gravitas          Tloc           0%         N/A       100%        3
 Inner Flame              Hex/Fire       0%         N/A       100%        3
 Mephitic Cloud           Conj/Alch/Air  0%         N/A       100%        3
 Passwall                 Erth           0%         N/A       100%        3
 Sigil of Binding         Hex            0%         N/A       100%        3
 Stone Arrow              Conj/Erth      0%         3d7       100%        3
 Swiftness                Air            0%         N/A       100%        3
 Teleport Other           Tloc           0%         N/A       100%        3
 Vampiric Draining        Necr           0%         2d6       100%        3
 Dimensional Bullseye     Hex/Tloc       0%         N/A       100%        4
 Flame Wave               Conj/Fire      0%         2d4       100%        4
 Leda's Liquefaction      Alch/Erth      0%         N/A       100%        4
 Passage of Golubria      Tloc           0%         N/A       100%        4
 Sticky Flame             Fire/Alch      0%         2d4       100%        4
 Alistair's Intoxication  Alch           0%         N/A       100%        5
 Borgnjor's Vile Clutch   Necr/Erth      0%         N/A       100%        5
 Curse of Agony           Necr           0%         N/A       100%        5
 Iskenderun's Battlesphe  Conj           0%         2d6       100%        5
 Lee's Rapid Deconstruct  Erth           0%         3d4*      100%        5
 Silence                  Hex/Air        0%         N/A       100%        5
 Yara's Violent Unravell  Hex/Alch       0%         3d3       100%        5
 Bombard                  Conj/Erth      0%         9d1       100%        6
 Dispersal                Tloc           0%         N/A       100%        6
 Eringya's Noxious Bog    Alch           0%         4d6       100%        6
 Enfeeble                 Hex            0%         N/A       100%        7
 Orb of Destruction       Conj           0%         9d5       100%        7
 Lehudib's Crystal Spear  Conj/Erth      0%         10d2      100%        8
 Call Imp                 Summ           Unusable   N/A       N/A         2
 Call Canine Familiar     Summ           Unusable   N/A       N/A         3
 Tukima's Dance           Hex            Unusable   N/A       N/A         3
 Animate Armour           Summ/Erth      Unusable   N/A       N/A         4
 Martyr's Knell           Necr/Summ      Unusable   N/A       N/A         4
 Summon Blazeheart Golem  Fire/Summ      Unusable   N/A       N/A         4
 Spellforged Servitor     Conj/Summ      Unusable   N/A       N/A         7
 Summon Hydra             Summ           Unusable   N/A       N/A         7

Dungeon Overview and Level Annotations

Branches:
Dungeon (14/15)            Temple (0/1) D:5            Lair (5/5) D:8
  Swamp (0/4) Lair:3       Spider (0/4) Lair:2        Slime (0/5) Lair:4
    Orc (2/2) D:10            Elf (0/3) Orc:2       Gauntlet (visited)
 Vaults: D:13-14

Altars:
Hepliaklqana
Nemelex Xobeh
Okawaru
Ru
Sif Muna
Uskayaw
Wu Jian
Yredelemnul
Zin
The Shining One
Jiyva

Shops:
D:4 *   D:8 ?   Orc:2 ([*=(

Annotations:
Lair:3 1 runed translucent door, Viapecw's ghost, journeyman TrBe


Innate Abilities, Weirdness & Mutations

You have a pair of horns on your head.
You reflexively headbutt those who attack you in melee.


Message History

* * * LOW HITPOINT WARNING * * *
The fire elemental hits you.
Unknown command.
You hit the deep elf pyromancer but do no damage.
The deep elf pyromancer is severely wounded.
The liquid fire burns you!
* * * LOW HITPOINT WARNING * * *
The fire elemental hits you. The fire elemental burns you!
* * * LOW HITPOINT WARNING * * *
The fire elemental hits you.
The manticore is engulfed in blazing flames.
The deep elf pyromancer hits you but does no damage.
You hit the deep elf pyromancer.
The deep elf pyromancer is severely wounded.
The liquid fire burns you!
* * * LOW HITPOINT WARNING * * *
The fire elemental completely misses you.
The fire elemental hits you. The fire elemental burns you!
* * * LOW HITPOINT WARNING * * *
The deep elf pyromancer hits you but does no damage.
The manticore bites you but does no damage.
The manticore claws you but does no damage.
You block the manticore's attack.
You feel much better. The liquid fire burns you!
* * * LOW HITPOINT WARNING * * *
You block the fire elemental's attack. x2
The manticore bites you but does no damage.
The manticore completely misses you. The manticore closely misses you.
The deep elf pyromancer casts a spell.
The deep elf pyromancer blinks!
The fire elemental hits you.
Welcome back, fozzywoppz the Minotaur Fighter.
Okawaru says: Bring me glory in combat!
Press ? for a list of commands and other information.
You are confused.
You feel invigorated. The liquid fire burns you!
* * * LOW HITPOINT WARNING * * *
The fire elemental hits you. The fire elemental burns you!
You die...

#....≈ #####'###
######'#'##### #.#
#........ ##.#
#.......# ## #..#
#.e.....# #≈###.####
#.......# #≈~.#.....
#.......#
####≈~...####
#....°H.####...≈.~..#
#...°E.@'....##≈....#
#...°.EE#######≈..(##
######'## #≈#..# #..#
##..## ##.# #.## #.#
####.#### #.#
#.......# ## #####'##
#.......###. #......#
#...........


You could see a manticore, a deep elf pyromancer and 3 fire elementals.

Vanquished Creatures
  Jorgrun (D:13)
  Rupert (D:12)
  Gastronok (Lair:1)
  Frances (D:13)
  3 orc warlords (Orc:2)
  A minotaur (Gauntlet)
  Josephine (D:13)
  2 fire dragons
  3 hydras
  An ice dragon (Lair:5)
  The ghost of RepHenryClay the Thaumaturge, a journeyman GnWr of Cheibriados (Orc:1)
  A hell beast (Gauntlet)
  2 anacondas (Lair:4)
  The ghost of NateTC the Basher, a journeyman GrFi of Okawaru (D:10)
  A centaur warrior (D:14)
  A boulder beetle (Lair:4)
  3 two-headed ogres
  10 death yaks
  A tengu warrior (D:13)
  4 orc high priests (Orc:2)
  Urug (Lair:1)
  2 fire crabs (Lair:4)
  Nergalle (Lair:1)
  A skyshark (Lair:4)
  5 skeletal warriors (D:13)
  A swamp dragon (Lair:5)
  A bog body (Lair:3)
  A lindwurm (Lair:5)
  6 orc knights
  A deep elf pyromancer (D:12)
  10 ugly things
  A wolf spider (D:10)
  2 manticores
  Maurice (D:7)
  8 orc sorcerers
  8 elephants
  3 cyclopes
  A moth of wrath (D:10)
  4 kobold blastminers
  5 torpor snails (Lair:5)
  4 black mambas
  16 cane toads
  Maggie (D:6)
  An unseen horror (D:12)
  3 rime drakes
  12 komodo dragons
  A kobold demonologist (D:12)
  A queen bee (Lair:3)
  3 tyrant leeches (Lair:5)
  8 hornets
  9 trolls
  5 polar bears
  A dream sheep (shapeshifter) (D:13)
  10 blink frogs
  A shadow (D:11)
  2 centaur simulacra (Gauntlet)
  4 water elementals (D:13)
  11 basilisks
  54 yaks
  8 wraiths
  5 wyverns
  10 vampire mosquitoes
  3 steam dragons
  3 wargs
  3 acid dragons
  17 water moccasins
  A hydra simulacrum (Gauntlet)
  2 hell hounds (Gauntlet)
  4 ice beasts
  31 orc warriors
  2 sky beasts (D:7)
  A black bear (D:6)
  5 swamp drakes (Lair:5)
  7 ogres
  3 boggarts (D:13)
  23 wolves
  9 centaurs
  3 phantoms
  A gnoll sergeant (D:8)
  11 bullfrogs
  6 scorpions
  2 hornet simulacra (Gauntlet)
  24 killer bees (Lair:3)
  4 howler monkeys
  4 electric eels
  5 hounds
  5 jellies (Lair:4)
  Crazy Yiuf (D:2)
  29 orc priests
  7 iguanas
  24 orc wizards
  Robin (D:2)
  3 gnolls (D:8)
  8 adders
  3 shadow imps
  4 ufetubi (D:5)
  3 ribbon worms
  98 orcs
  11 endoplasms
  5 giant cockroaches
  14 goblins
  6 hobgoblins
  6 jackals
  3 quokkas
  3 ball pythons
  4 bats
  3 frilled lizards
  4 kobolds
  2 rats (D:1)
694 creatures vanquished.

Vanquished Creatures (collateral kills)
  A sky beast (D:5)
1 creature vanquished.

Vanquished Creatures (others)
  A warg (Orc:2)
  2 orc priests (Orc:2)
  2 orc wizards
  An iguana (Lair:5)
6 creatures vanquished.

Grand Total: 701 creatures vanquished

Notes
Turn   | Place    | Note
-------+----------+-------------------------------------------
     0 | D:1      | fozzywoppz the Minotaur Fighter began the quest for the
                  | Orb.
     0 | D:1      | Reached XP level 1. HP: 19/19 MP: 0/0
   263 | D:1      | Found a faded altar of an unknown god.
   288 | D:1      | Reached XP level 2. HP: 21/27 MP: 1/1
   898 | D:2      | Reached XP level 3. HP: 33/33 MP: 2/2
   929 | D:2      | Found a runed translucent door.
   930 | D:2      | Noticed Crazy Yiuf
  1026 | D:2      | Found a basalt altar of Yredelemnul.
  1208 | D:2      | Noticed Robin
  1233 | D:2      | Killed Robin
  1707 | D:2      | Killed Crazy Yiuf
  1708 | D:2      | Reached XP level 4. HP: 37/41 MP: 3/3
  2067 | D:3      | Reached XP level 5. HP: 47/47 MP: 4/4
  2426 | D:4      | Reached skill level 5 in Armour
  2473 | D:4      | Reached skill level 5 in Fighting
  2473 | D:4      | Reached skill level 5 in Shields
  2546 | D:4      | Noticed an ogre
  2555 | D:4      | Killed an ogre
  2556 | D:4      | Reached XP level 6. HP: 48/56 MP: 5/5
  2584 | D:4      | Found Koytse's Gadget Gallery.
  2636 | D:4      | Found the +2 ratskin cloak {*Rats rPois rN+ Str-1 Int-1
                  | Dex+1}
  2831 | D:5      | Entered Level 5 of the Dungeon
  2934 | D:5      | Reached skill level 5 in Maces & Flails
  3150 | D:5      | Noticed a steam dragon
  3177 | D:5      | Killed a steam dragon
  3178 | D:5      | Reached XP level 7. HP: 49/64 MP: 6/6
  3324 | D:5      | Found a staircase to the Ecumenical Temple.
  3885 | D:5      | Identified the serpent talisman "Ula Keyc" {rElec Str+2
                  | Slay-3}
  4380 | D:5      | Reached XP level 8. HP: 69/74 MP: 7/7
  4440 | D:6      | Noticed Maggie
  4460 | D:6      | Killed Maggie
  4461 | D:6      | Reached skill level 10 in Maces & Flails
  4631 | D:6      | Found an iron altar of Okawaru.
  4643 | D:6      | Found a sparkling altar of Nemelex Xobeh.
  4766 | D:6      | Became a worshipper of Warmaster Okawaru
  5021 | D:6      | Found a hazy altar of Hepliaklqana.
  5026 | D:6      | Found a glowing silver altar of Zin.
  5066 | D:6      | Found a hide-covered altar of Uskayaw.
  5067 | D:6      | Found a shimmering blue altar of Sif Muna.
  5067 | D:6      | Found a glowing golden altar of the Shining One.
  5068 | D:6      | Found an ornate altar of the Wu Jian Council.
  5196 | D:7      | Reached skill level 1 in Invocations
  5196 | D:7      | Reached XP level 9. HP: 81/81 MP: 8/8
  5299 | D:7      | Noticed Maurice
  5303 | D:7      | Maurice stole a +0 flail
  5344 | D:7      | Something stole 188 gold
  5348 | D:7      | Killed Maurice
  5444 | D:7      | Reached * piety under Okawaru
  6130 | D:8      | Noticed an elephant
  6131 | D:8      | Found a staircase to the Lair.
  6169 | Lair:1   | Entered Level 1 of the Lair of Beasts
  6169 | Lair:1   | Noticed a death yak
  6169 | Lair:1   | Noticed a death yak
  6169 | Lair:1   | Noticed a death yak
  6169 | Lair:1   | Noticed a cane toad
  6170 | Lair:1   | Noticed a death yak
  6206 | D:8      | Reached skill level 5 in Invocations
  6406 | D:8      | Killed an elephant
  6406 | D:8      | Reached ** piety under Okawaru
  6483 | D:8      | Found Tah Xaid's Magic Scroll Shop.
  6492 | D:8      | Bought a scroll of fog for 40 gold pieces
  6492 | D:8      | Bought a scroll of revelation for 75 gold pieces
  6492 | D:8      | Bought a scroll of teleportation for 30 gold pieces
  6492 | D:8      | Bought a scroll of identify for 20 gold pieces
  6953 | D:8      | Reached XP level 10. HP: 70/88 MP: 13/13
  7152 | D:8      | Killed a death yak
  7166 | D:8      | Killed a death yak
  7181 | D:8      | Killed a death yak
  7181 | D:8      | Reached *** piety under Okawaru
  7188 | D:8      | Killed a cane toad
  7413 | Lair:1   | Killed a death yak
  7467 | D:9      | Reached **** piety under Okawaru
  7689 | D:9      | Reached skill level 10 in Invocations
  7697 | D:9      | Reached XP level 11. HP: 75/94 MP: 17/17
  8154 | D:9      | Reached ***** piety under Okawaru
  8237 | D:9      | Found a sacrificial altar of Ru.
  8514 | D:9      | Identified the +3 dagger of Mineh {freeze, Str+3}
  8798 | D:10     | Entered Level 10 of the Dungeon
  9087 | D:10     | Found a transporter.
  9088 | D:10     | Noticed NateTC's ghost (journeyman GrFi)
  9089 | D:10     | Noticed a wolf spider
  9103 | D:10     | Found a transporter.
  9173 | D:10     | Noticed a two-headed ogre
  9184 | D:10     | Killed a two-headed ogre
  9202 | D:10     | Found a staircase to the Orcish Mines.
  9850 | D:11     | Received a gift from Okawaru
 10576 | D:12     | Noticed a two-headed ogre
 10594 | D:12     | Killed a two-headed ogre
 10595 | D:12     | Reached skill level 10 in Fighting
 10853 | D:12     | Noticed a deep elf pyromancer
 10865 | D:12     | Killed a deep elf pyromancer
 10946 | D:12     | Noticed a green ugly thing
 10962 | D:12     | Killed a green ugly thing
 10962 | D:12     | Received a gift from Okawaru
 11196 | D:12     | Noticed a boulder beetle
 11217 | D:12     | Noticed a deep elf pyromancer
 11228 | D:12     | Reached XP level 12. HP: 53/110 MP: 20/20
 11641 | Lair:1   | Received a gift from Okawaru
 12071 | Lair:1   | Reached skill level 1 in Dodging
 12376 | Lair:1   | Noticed Nergalle
 12399 | Lair:1   | Killed Nergalle
 12663 | Lair:1   | Noticed Gastronok
 12687 | Lair:1   | Killed Gastronok
 12855 | Lair:1   | Noticed Urug
 12876 | Lair:1   | Killed Urug
 13083 | Lair:2   | Received a gift from Okawaru
 13403 | Orc:1    | Entered Level 1 of the Orcish Mines
 13409 | Orc:1    | Noticed a two-headed ogre
 13421 | Orc:1    | Killed a two-headed ogre
 13785 | Orc:2    | Entered Level 2 of the Orcish Mines
 13822 | Orc:2    | Found a gate leading to a gauntlet.
 13834 | Gauntlet | Entered a Gauntlet
 13834 | Gauntlet | Found a transporter.
 13837 | Gauntlet | Found a transporter.
 13842 | Gauntlet | Found a transporter.
 13842 | Gauntlet | Found a transporter.
 13843 | Gauntlet | Found a transporter.
 13853 | Gauntlet | Found a transporter.
 13853 | Gauntlet | Found a transporter.
 13872 | Gauntlet | Noticed a hell beast
 13875 | Gauntlet | Found a transporter.
 13893 | Gauntlet | Found a transporter.
 13897 | Gauntlet | Found a transporter.
 13905 | Gauntlet | Found a transporter.
 13920 | Gauntlet | Noticed a great orb of eyes
 13923 | Gauntlet | Found a transporter.
 14239 | Gauntlet | Identified the +5 pair of boots of the Comet {rC+}
 14295 | Gauntlet | Killed a hell beast
 14302 | Gauntlet | Identified the +4 pair of gloves of Terror {rPois rC+
                  | Regen+ Str-2}
 14469 | Gauntlet | Noticed a minotaur
 14496 | Gauntlet | Killed a minotaur
 14566 | Gauntlet | Identified a scroll of acquirement
 14611 | D:10     | Acquired a +2 morningstar of holy wrath
 14743 | Lair:2   | Received a gift from Okawaru
 14744 | Lair:2   | Reached XP level 13. HP: 119/119 MP: 22/22
 14987 | Lair:2   | Reached skill level 5 in Dodging
 15369 | Lair:2   | Received a gift from Okawaru
 15463 | Lair:2   | Found a hole to the Spider Nest.
 15831 | Lair:2   | Received a gift from Okawaru
 15879 | Lair:2   | Upgraded the game from 0.31-a0-1616-gbeaec30b81 to
                  | 0.31-a0-1620-gcbf77bbcfc
 15893 | Lair:3   | You fall into a shaft and drop 2 floors!
 15893 | Lair:5   | Entered Level 5 of the Lair of Beasts
 15907 | Lair:5   | Reached skill level 15 in Maces & Flails
 15953 | Lair:4   | Reached skill level 1 in Throwing
 16064 | Lair:4   | Found a viscous altar of Jiyva.
 16081 | Lair:4   | Found a staircase to the Slime Pits.
 16460 | Lair:3   | Found a runed translucent door.
 16465 | Lair:3   | Noticed Viapecw's ghost (journeyman TrBe)
 17007 | Lair:3   | Found a staircase to the Swamp.
 17323 | Lair:4   | Received a gift from Okawaru
 17461 | Lair:4   | Reached XP level 14. HP: 113/133 MP: 23/23
 17639 | Lair:4   | Reached skill level 10 in Armour
 17839 | Lair:4   | Received a gift from Okawaru
 18424 | Lair:5   | Reached skill level 15 in Fighting
 18722 | Lair:5   | Reached skill level 5 in Throwing
 19048 | Lair:5   | Received a gift from Okawaru
 19110 | Lair:5   | Paralysed by a hornet for 2 turns
 19820 | D:10     | Killed NateTC's ghost
 19849 | D:10     | Identified the +0 cloak "Hihoxti" {rN+}
 19982 | Orc:2    | Found a staircase to the Elven Halls.
 20202 | Orc:2    | Noticed an orc warlord
 20223 | Orc:2    | Noticed an orc warlord
 20236 | Orc:2    | Killed an orc warlord
 20299 | Orc:1    | Noticed an orc warlord
 20372 | Orc:1    | Paralysed by an orc sorcerer for 2 turns
 20482 | Orc:2    | Killed an orc warlord
 20483 | Orc:2    | Reached XP level 15. HP: 109/143 MP: 24/24
 20577 | Orc:2    | Found Ulaton's Weapon Shoppe.
 20935 | Orc:2    | Found Neexkia's General Store.
 20936 | Orc:2    | Found Waarrargh's Jewellery Boutique.
 20941 | Orc:2    | Found Puviel's Antique Armour Boutique.
 20941 | Orc:2    | Found Jarab's Antique Weapon Shop.
 21383 | Orc:1    | Paralysed by an orc sorcerer for 4 turns
 21451 | Orc:1    | You fall into a shaft and drop 1 floor!
 21546 | Orc:1    | Received a gift from Okawaru
 21637 | Orc:1    | Found a runed translucent door.
 21638 | Orc:1    | Noticed RepHenryClay's ghost (journeyman GnWr)
 21672 | Orc:1    | Killed RepHenryClay's ghost
 21829 | Orc:2    | Bought shimmering swamp dragon scales for 1650 gold pieces
 21829 | Orc:2    | Identified the +3 swamp dragon scales of the Lizard {-Cast
                  | +Blink rPois Slay+5 SInv} (You bought it in a shop on level
                  | 2 of the Orcish Mines)
 21837 | Orc:2    | Bought a scroll of immolation for 64 gold pieces
 21985 | D:13     | Noticed Josephine
 22006 | D:13     | Killed Josephine
 22010 | D:13     | Noticed Rupert
 22033 | D:13     | Paralysed by Rupert for 2 turns
 22033 | D:13     | Noticed Frances
 22469 | D:12     | Killed Rupert
 22513 | D:13     | Killed Frances
 22614 | D:13     | Received a gift from Okawaru
 22700 | D:13     | Noticed Jorgrun
 22725 | D:13     | Killed Jorgrun
 23274 | D:13     | HP: 4/146 [burnt (10)]
 23274 | D:13     | Slain by a fire elemental

Illustrated notes

Levels and vault maps discovered:
D:1:      ebering_trefoil_3fold, layout_loops_ring, basic_ecumenical_altar,
          hangedman_decor_clover_reticule
D:2:      layout_loops_corners, basic_altar, uniq_robin, uniq_crazy_yiuf_cottage
D:3:      layout_rooms, item_on_display_a
D:4:      layout_cave_pools, nicolae_shop_gadgets
D:5:      layout_layer_cave, temple_hall
D:6:      layout_rooms, minitemple, mainiacjoe_overflow_large_starburst,
          hangedman_abyss_or_decor_lesser_grid, grunt_ministairs_8, uniq_maggie
D:7:      layout_basic, minivault_25, uniq_maurice
D:8:      layout_basic, david_lair_generic, serial_shops, shop,
          amcnicky_mini_corridor_feature, minivault_26
D:9:      layout_roguey, kennysheep_mini_moat, minmay_misc_feat_iff,
          minmay_misc_feat_diagonals
D:10:     layout_basic, david_orc_3, gammafunk_ghost_berserking_beasts
D:11:     layout_roguey
D:12:     minmay_guarded_unrand_guard, layout_rooms
D:13:     layout_roguey, serial_rivers, chequers_serial_rivers_room_a,
          chequers_serial_rivers_small_3, chequers_serial_rivers_micro_e,
          chequers_serial_rivers_marsh, chequers_serial_rivers_micro_a,
          chequers_serial_rivers_micro_e, kennysheep_another_room,
          nicolae_underground_beach, uniq_jorgrun, uniq_josephine, uniq_frances,
          uniq_rupert
D:14:     layout_rooms, grunt_vaults_entry_tiered
Lair:1:   layout_gridlike, minivault_11, uniq_gastronok, uniq_urug,
          uniq_nergalle
Lair:2:   layout_loops_ring, nicolae_spider_entry_non_spiders,
          grunt_megastairs_1, infiniplex_staircase_pool_2
Lair:3:   layout_hall_layers, nicolae_swamp_entry_splash_gauntlet, special_room
          [special_room_bee], ebering_ghost_reflecting_pool, minivault_25,
          chequers_serial_rivers_room_a
Lair:4:   nzn_winding_woodlands_medium [nzn_winding_woodlands_5x5_perimeter,
          nzn_winding_woodlands_5x15_crooked, nzn_winding_woodlands_5x5_three,
          nzn_winding_woodlands_5x5_checkerboard,
          nzn_winding_woodlands_center_lodge, nzn_winding_woodlands_5x5_cross,
          nzn_winding_woodlands_5x5_closed_star,
          nzn_winding_woodlands_5x15_pathside_ponds,
          nzn_winding_woodlands_hourglass], layout_hall_layers,
          nicolae_slime_entry_slimehenge, nicolae_lair_lakeside_cave
Lair:5:   guppyfry_lair_end_dragon, layout_loops_ring, wormcave,
          cheibrodos_lair_lostbears
Orc:1:    layout_caves, ebering_ghost_inner_flame
Orc:2:    st_orc_congregation, layout_diamond_mine, gauntlet_entry_generic,
          serial_shops, nicolae_shop_scrapyard, minmay_orc_temple_a

Skill      XL: |  1  2  3  4  5  6  7  8  9 10 11 12 13 14 15 |
---------------+----------------------------------------------+-----
Armour         | 4 5 7 9 12 13 | 13.4
Fighting       | 4 5 6 8 11 12 14 15 16 | 16.9
Shields        | 4 5 6 |  6.7
Maces & Flails | 3 4 6 7 11 13 14 15 16 | 16.0
Invocations    | 1 6 10 12 13 14 | 14.0
Dodging        | 4 5 6 8 |  8.8
Throwing       | 2 6 8 |  8.4

Action                     |  1- 3 |  4- 6 |  7- 9 | 10-12 | 13-15 || total
---------------------------+-------+-------+-------+-------+-------++-------
  Melee: Flail             |    94 |       |       |       |       ||    94
         Headbutt          |     9 |    17 |    69 |   235 |   374 ||   704
         Mace              |       |   104 |    21 |       |       ||   125
         Whip              |       |       |   274 |   865 |       ||  1139
         Morningstar       |       |       |       |    13 |  1587 ||  1600
 Invoke: Heroism           |       |       |       |     4 |     5 ||     9
         Finesse           |       |       |       |     2 |     8 ||    10
  Evoke: Wand              |       |       |       |     1 |    26 ||    27
         Lightning rod     |       |       |       |       |     4 ||     4
    Use: Scroll            |       |     1 |    17 |    10 |    10 ||    38
         Potion            |       |       |     2 |     2 |     9 ||    13
   Stab: Invisible         |       |       |       |     1 |     2 ||     3
         Held in net/web   |       |       |       |       |     1 ||     1
 Armour: Scale mail        |    86 |     2 |       |       |       ||    88
         Chain mail        |       |    92 |   270 |   541 |   808 ||  1711
         Plate armour      |       |       |       |       |   403 ||   403
  Dodge: Dodged            |    43 |    40 |    83 |   200 |   623 ||   989
  Block: Buckler           |    15 |    42 |   134 |   334 |   875 ||  1400
         Reflection        |       |     1 |     3 |     7 |    25 ||    36

Table legend: (Time is in decaauts)
 A = Elapsed time spent in this place.
 B = Non-inter-level travel time spent in this place.
 C = Inter-level travel time spent in this place.
 D = Time resting spent in this place.
 E = Time spent auto-exploring this place.
 F = Levels seen in this place.
 G = Mean time per level.
                   A        B        C        D        E       F      G
               +--------+--------+--------+--------+--------+-----+--------+
         Total |  22410 |  21037 |   1373 |   1935 |  12705 |  22 | 1018.6 |
       Dungeon |  12902 |  12007 |    895 |    824 |   8578 |  14 |  921.6 |
          Lair |   6523 |   6285 |    238 |    689 |   3474 |   5 | 1304.6 |
  Orcish Mines |   2286 |   2046 |    240 |    190 |    653 |   2 | 1143.0 |
      Gauntlet |    698 |    698 |      0 |    232 |      0 |   1 |  698.0 |
               +--------+--------+--------+--------+--------+-----+--------+

Top non-repeatable levels by time:
  Lair:1: 1727 daAuts
     D:5: 1544 daAuts
   Orc:2: 1529 daAuts
     D:8: 1499 daAuts
     D:9: 1434 daAuts
  Lair:4: 1275 daAuts
    D:10: 1265 daAuts
     D:2: 1249 daAuts
  Lair:5: 1218 daAuts
  Lair:2: 1151 daAuts
  Lair:3: 1150 daAuts
    D:12: 908 daAuts
    D:13: 842 daAuts
    D:11: 812 daAuts
   Orc:1: 757 daAuts
